AoeStats
← aextropical#0420

Arabia

510433261Analyzed
1v1 RM · 23h ago on Oct 1, 2026· 30m 33s· 2 players
Game mode
Random Map
Map size
Tiny (2 player)
Population
200
Speed
Normal
Resources
Standard
Victory
Conquest
Starting age
Dark Age
Ending age
Imperial Age
RankedLock teamsTeams togetherTeam positionsShared explorationLock speedFull tech treeHidden civsTurbo modeCheats
Victory
Defeat
🇦🇷 Magyars · Argentina
1004
+17
🇺🇸 Maya · United States
1021
-17
Msape
6:26 Loom
9:06 Feudal Age
16:27 Town Watch
20:56 Castle Age
21:50 Scale Barding Armor
24:27 Chain Barding Armor
30:59 Husbandry
31:37 Wheelbarrow
aextropical#0420
6:56 Loom
9:59 Feudal Age
14:27 Horse Collar
15:12 Fletching
22:58 Castle Age
21:22 Padded Archer Armor
21:47 Double-Bit Axe
23:21 Crossbowman
24:08 Pikeman
24:50 Squires
Connection lost

Rejoining the realm…

Still unreachable

The connection could not be restored.

Session expired

The server has moved on; the page needs a fresh start.